 Dungeon Crawl Stone Soup version 0.20.0-8-g6b59dc7 (webtiles) character file.

843 kraftydee the Firebug (level 7, -3/51 HPs)
             Began as a Grey Draconian Fire Elementalist on June 1, 2017.
             Was a Believer of Ru.
             Killed from afar by an orc wizard (9 damage)
             ... with a magic dart
             ... on level 5 of the Dungeon.
             The game lasted 00:21:28 (6170 turns).

kraftydee the Firebug (DrFE)                        Turns: 6170, Time: 00:21:29

Health: -3/51      AC: 14    Str: 10    XL:     7   Next: 68%
Magic:  2/13       EV: 13    Int: 17    God:    Ru [**....]
Gold:   131        SH:  0    Dex: 12    Spells: 2/15 levels left

rFire    . . .     SeeInvis .   q - +2 short sword (speed)
rCold    . . .     Gourm    .   (no shield)
rNeg     . . .     Faith    .   (armour unavailable)
rPois    .         Spirit   .   (helmet restricted)
rElec    .         Reflect  .   h - +1 cloak
rCorr    .         Harm     .   (no gloves)
MR       .....                  (no boots)
Stlth    ++........             (no amulet)
Regen    0.2/turn               c - +1 ring of protection
MPRegen  0.2/turn               i - +2 ring of slaying

@: very slightly contaminated
A: walk through water, unfitting armour, unbreathing, cold-blooded, inability to
use devices, AC +11
a: Renounce Religion


You were on level 5 of the Dungeon.
You worshipped Ru.
Ru was pleased with you.
You were not hungry.

You visited 1 branch of the dungeon, and saw 5 of its levels.

You collected 186 gold pieces.
You spent 55 gold pieces at shops.

Inventory:

Hand Weapons
 q - a +2 short sword of speed (weapon)
Armour
 h - a +1 cloak (worn)
Jewellery
 c - a +1 ring of protection (left hand)
 f - an uncursed ring of flight
 i - a +2 ring of slaying (right hand)
 s - an uncursed ring of stealth
 w - an uncursed ring of protection from fire
Scrolls
 b - a scroll of enchant weapon
 d - a scroll of enchant armour
 e - a scroll of identify
 m - a scroll of teleportation
 r - a scroll of magic mapping {unknown}
 u - a scroll of recharging {unknown}
Potions
 g - a potion of heal wounds
 o - a potion of invisibility
Books
 a - a book of Flames

   Spells                             Type                      Level
   a - Flame Tongue                   Conjuration/Fire             1
   b - Throw Flame                    Conjuration/Fire             2
   c - Conjure Flame                  Conjuration/Fire             3
   d - Inner Flame                    Hexes/Fire                   3
   e - Sticky Flame                   Conjuration/Fire             4
   f - Fireball                       Conjuration/Fire             5
Comestibles
 k - 2 fruits
 l - a meat ration
 n - a royal jelly
 p - 3 bread rations


   Skills:
 + Level 0.9 Fighting
 + Level 1.2 Short Blades
 + Level 3.2 Dodging
 + Level 2.7 Stealth
 + Level 4.5 Spellcasting
 + Level 3.8 Conjurations
 + Level 5.5 Fire Magic


You had 2 spell levels left.
You knew the following spells:

 Your Spells              Type           Power        Failure   Level  Hunger
a - Flame Tongue          Conj/Fire      ###..        2%          1    None
b - Throw Flame           Conj/Fire      ###...       3%          2    ##.....
c - Conjure Flame         Conj/Fire      ###.....     7%          3    ###....
d - Sticky Flame          Conj/Fire      ###.....     22%         4    ####...
e - Inner Flame           Hex/Fire       ##......     14%         3    ###....


Dungeon Overview and Level Annotations

Branches:
Dungeon (5/15)             Temple (0/1) D:4

Altars:
Nemelex Xobeh
Ru
Uskayaw
Vehumet

Shops:
D:5 !


Innate Abilities, Weirdness & Mutations

You can walk through water.
Your dull iron-grey scales are very hard. (AC +11)
You cannot fit into any form of body armour.
You can survive without breathing.
You are cold-blooded and may be slowed by cold attacks.
You cannot study or use magical devices.


Message History

Press: ? - help, Shift-Dir - straight line, f - orc
Aim: an orc, wielding a short sword The puff of flame hits the orc.
The orc is moderately wounded.
Casting: Throw Flame
Confirm with . or Enter, or press ? or * to list all spells.
Aiming: Throw Flame
Press: ? - help, Shift-Dir - straight line, f/p - orc
Aim: an orc, wielding a short sword (moderately wounded)
The puff of flame hits the orc.
You kill the orc!
You start resting.
The orc wizard casts a spell.
The orc wizard blinks!
You start resting.
An orc is nearby!
You start resting.
The orc wizard gestures at you while chanting.
The magic dart hits you!
You die...

......#.# #.#
##..#...####.#####
#..##.(.........#
##..########.###.#
##..# #.# #.#
##..# #.# #.# #
... #.# #.# # #.#
#.# # ..# #@# #
#####.# # #..# .
#.## .. #.# #o#
#######.###..##
.......o).o....
..........o...)


You could see an orc wizard and an orc.

Vanquished Creatures
  Menkaure (D:4)
  A centaur (D:3)
  3 howler monkeys (D:4)
  2 orc priests (D:4)
  A hound (D:4)
  2 orc wizards (D:4)
  2 iguanas (D:4)
  7 worker ants (D:4)
  3 gnolls (D:3)
  8 adders
  An ooze (D:4)
  A dart slug (D:2)
  9 orcs
  8 bats
  5 giant cockroaches
  10 goblins
  8 hobgoblins
  9 jackals
  5 quokkas
  6 frilled lizards
  11 kobolds
  7 rats
110 creatures vanquished.

Notes
Turn   | Place    | Note
-------+----------+-------------------------------------------
     0 | D:1      | kraftydee the Draconian Fire Elementalist began the quest for the Orb.
     0 | D:1      | Reached XP level 1. HP: 14/14 MP: 3/3
   516 | D:1      | Reached XP level 2. HP: 20/20 MP: 1/5
   575 | D:1      | Learned a level 2 spell: Throw Flame
  1537 | D:2      | Reached XP level 3. HP: 23/26 MP: 3/6
  2122 | D:2      | Reached XP level 4. HP: 33/33 MP: 2/7
  2782 | D:3      | Found a sacrificial altar of Ru.
  2802 | D:3      | Noticed a centaur
  2810 | D:3      | Killed a centaur
  2810 | D:3      | Reached skill level 4 in Fire Magic
  2810 | D:3      | Reached XP level 5. HP: 17/38 MP: 2/9
  3233 | D:3      | Learned a level 3 spell: Conjure Flame
  3238 | D:3      | Learned a level 4 spell: Sticky Flame
  4000 | D:3      | Became a worshipper of Ru the Awakened
  4088 | D:3      | Found a radiant altar of Vehumet.
  4088 | D:3      | Found a sparkling altar of Nemelex Xobeh.
  4413 | D:4      | Found a staircase to the Ecumenical Temple.
  4557 | D:4      | Reached XP level 6. HP: 38/46 MP: 9/11
  4695 | D:4      | Noticed Menkaure
  5086 | D:4      | Reached skill level 5 in Fire Magic
  5229 | D:4      | Found a hide-covered altar of Uskayaw.
  5319 | D:4      | Killed Menkaure
  5319 | D:4      | Your scales start taking on a dull iron-grey colour.
  5319 | D:4      | Reached XP level 7. HP: 11/51 MP: 0/13
  5319 | D:4      | Gained mutation: You can survive without breathing. [Grey Draconian growth]
  5748 | D:4      | Reached skill level 1 in Short Blades
  5993 | D:5      | Entered Level 5 of the Dungeon
  6074 | D:5      | Learned a level 3 spell: Inner Flame
  6089 | D:5      | Found Teumn's Distillery.
  6108 | D:5      | Bought a potion of heal wounds for 55 gold pieces
  6125 | D:5      | Gained mutation: You cannot study or use magical devices. [Ru sacrifice]
  6125 | D:5      | Reached * piety under Ru
  6125 | D:5      | Reached ** piety under Ru
  6170 | D:5      | Killed from afar by an orc wizard

Skill      XL: |  1  2  3  4  5  6  7 |
---------------+----------------------+-----
Stealth        | 2 |  2.7
Dodging        | 2 3 |  3.2
Spellcasting   | 3 4 |  4.5
Conjurations   | 2 3 |  3.8
Fire Magic     | 4 5 |  5.5
Short Blades   | 1 |  1.2
Fighting       | |  0.9

Action                   |  1- 3 |  4- 6 |  7- 9 || total
-------------------------+-------+-------+-------++-------
Melee: Unarmed           |    17 |       |       ||    17
       Tailslap          |     1 |     1 |     1 ||     3
       Short sword       |       |    37 |    29 ||    66
 Cast: Flame Tongue      |    67 |   138 |    24 ||   229
       Throw Flame       |     1 |     9 |     6 ||    16
       Conjure Flame     |       |     1 |       ||     1
       Sticky Flame      |       |     1 |     2 ||     3
       Inner Flame       |       |       |     1 ||     1
Invok: Sacrifice Artific |       |       |     1 ||     1
  Use: Scroll            |     5 |     7 |     2 ||    14
       Potion            |     1 |     3 |     4 ||     8
  Eat: Bread ration      |     1 |       |       ||     1
       Chunk             |       |    10 |     3 ||    13
       Fruit             |       |     1 |       ||     1
Armor: Skin              |    20 |    43 |    24 ||    87
Dodge: Dodged            |    35 |    94 |    23 ||   152
